 Dungeon Crawl Stone Soup version 0.18.1-48-g4cf74bf (webtiles) character file.

181 kosy22 the Ducker (level 5, -2/53 HPs)
             Began as a Troll Fighter on Aug 16, 2016.
             Slain by a gnoll
             ... wielding a cursed -3 halberd
              (17 damage)
             ... on level 3 of the Dungeon.
             The game lasted 00:08:29 (1774 turns).

kosy22 the Ducker (Troll Fighter)                   Turns: 1774, Time: 00:08:29

Health: -2/53      AC:  5    Str: 25    XL:     5   Next: 34%
Magic:  4/4        EV:  8    Int:  4    God:
Gold:   85         SH: 10    Dex:  9    Spells: 0 memorised, 4 levels left

rFire  . . .     SeeInvis .     a - +0 war axe
rCold  . . .     Gourm    +     b - +0 robe
rNeg   . . .     Faith    .     c - +1 shield
rPois  .         Spirit   .     (helmet restricted)
rElec  .         Dismiss  .     (no cloak)
rCorr  .         Reflect  .     (gloves unavailable)
SustAt .         Harm     .     (boots unavailable)
MR     .....                    (no amulet)
Stlth  +.........               (no ring)
                                (no ring)

@: not resistant to hostile enchantments, very unstealthy
A: unfitting armour, claws 3, fast metabolism 3, gourmand, regeneration 2,
shaggy fur 1, tough skin 2
a: no special abilities


You were on level 3 of the Dungeon.
You were not hungry.

You visited 1 branch of the dungeon, and saw 3 of its levels.

You collected 85 gold pieces.

Inventory:

Hand Weapons
 a - a +0 war axe (weapon)
 g - a +1 trident of piercing
Missiles
 n - 21 bolts
 o - 3 javelins (quivered)
Armour
 b - a +0 robe (worn)
 c - a +1 shield (worn)
Wands
 l - a wand of lightning (7/15)
Scrolls
 e - a scroll of enchant armour
Potions
 d - a potion of might
 i - a potion of mutation
 q - a potion of agility {unknown}
Comestibles
 f - 2 bread rations
 h - 6 chunks of flesh
 p - a fruit


   Skills:
 + Level 3.0 Fighting
 + Level 2.2 Axes
 + Level 3.4 Dodging
 + Level 0.6 Stealth
 + Level 3.3 Shields


You had 4 spell levels left.
You didn't know any spells.

Dungeon Overview and Level Annotations

Branches:
Dungeon (3/15)

Altars:
Vehumet


Innate Abilities, Weirdness & Mutations

You are too large for most types of armour.
You have claws for hands.
Your metabolism is lightning-fast.
You like to eat raw meat.
You heal very quickly.
You are covered in fur (AC +1).
You have very tough skin (AC +2).


Message History

You slash the gnoll!
You kill the gnoll!
The gnoll hits you from afar with an enchanted halberd.
The gnoll hits you but does no damage.
You closely miss the gnoll. You block the gnoll's attack. x2
The gnoll hits you with a whip.
You hit the gnoll.
The gnoll is lightly wounded.
The gnoll hits you from afar with an enchanted halberd!
* * * LOW HITPOINT WARNING * * *
The gnoll hits you but does no damage.
You closely miss the gnoll.
The gnoll is lightly wounded.
You block the gnoll's attack. The gnoll hits you but does no damage.
You hit the gnoll.
The gnoll is moderately wounded.
You feel less exhausted. You block the gnoll's attack.
The gnoll hits you from afar with an enchanted halberd!
You die...

.# #.....# .# #......
.#> #....... ...#
#.####### ##.# ...
.#.############ ###
.#............## #.
.#............g###.#
.#.............g@..#
.###..........######
.....#####...........
####.# #............
.....# #......######
.....# #......# #..
...### #......# ..
...# ##.....#. #.
...# #.....#. #.


You could see 2 gnolls.

Vanquished Creatures
  The ghost of baljet the Sneak, an amateur VSAs (D:3)
  3 gnolls
  3 adders
  An ooze (D:2)
  A worm (D:3)
  A dart slug (D:1)
  3 giant geckos
  An orc (D:3)
  6 bats
  2 giant cockroaches
  4 hobgoblins
  3 jackals (D:1)
  4 giant newts (D:1)
  3 goblins
  9 kobolds
  8 rats
53 creatures vanquished.

Notes
Turn   | Place    | Note
--------------------------------------------------------------
     0 | D:1      | kosy22 the Troll Fighter began the quest for the Orb.
     0 | D:1      | Reached XP level 1. HP: 22/22 MP: 0/0
    60 | D:1      | Reached XP level 2. HP: 20/29 MP: 1/1
   422 | D:1      | Reached XP level 3. HP: 36/36 MP: 2/2
  1160 | D:2      | Reached XP level 4. HP: 43/44 MP: 3/3
  1492 | D:3      | Noticed baljet's ghost (amateur VSAs)
  1522 | D:3      | Killed baljet's ghost
  1522 | D:3      | Reached XP level 5. HP: 25/53 MP: 4/4
  1663 | D:3      | Found a radiant altar of Vehumet.
  1774 | D:3      | Slain by a gnoll

Skill      XL: |  1  2  3  4 |
---------------+-------------+-----
Shields        | 3 |  3.3
Dodging        | 3 |  3.4
Axes           | 2 |  2.2
Fighting       | 3 |  3.0
Stealth        | |  0.6

Action                   |  1- 3 |  4- 6 || total
-------------------------+-------+-------++-------
Melee: War axe           |   121 |    70 ||   191
  Use: Scroll            |     3 |     5 ||     8
       Potion            |       |     1 ||     1
  Eat: Chunk             |     9 |     5 ||    14
       Bread ration      |       |     1 ||     1
Armor: Robe              |    55 |    28 ||    83
Dodge: Dodged            |    69 |    28 ||    97
Block: Shield            |    84 |    42 ||   126
